 Dungeon Crawl Stone Soup version 0.30-a0-313-gae38170b09 (webtiles) character file.

Game seed: 17885126033257245093

11 IdlyInterested the Chiller (level 2, -1/21 HPs)
             Began as a Demonspawn Wanderer on Oct 26, 2022.
             Slain by an orc
             ... wielding a +0 club
              (2 damage)
             ... on level 2 of the Dungeon.
             The game lasted 00:02:23 (709 turns).

IdlyInterested the Chiller (Demonspawn Wanderer)     Turns: 709, Time: 00:02:24

Health: -1/21      AC:  5    Str: 10    XL:     2   Next: 13%
Magic:  5/5        EV:  9    Int: 17    God:
Gold:   11         SH:  0    Dex: 10    Spells: 4/5 levels left

rFire   . . .      SeeInvis .    a - +2 spear
rCold   . . .      Faith    .    (no shield)
rNeg    . . .      Spirit   .    b - +0 ring mail
rPois   .          Reflect  .    (helmet restricted)
rElec   .          Harm     .    (no cloak)
rCorr   .          Rampage  .    (no gloves)
Will    .....                    (no boots)
Stlth   ..........               (no amulet)
HPRegen 0.23/turn                (no ring)
MPRegen 0.09/turn                (no ring)

@: no status effects
A: antennae 1
a: no special abilities


You were on level 2 of the Dungeon.
You visited 1 branch of the dungeon, and saw 2 of its levels.

You collected 11 gold pieces.

Inventory:

Hand Weapons
 a - a +2 spear (weapon)
Armour
 b - a +0 ring mail (worn)
Magical Staves
 e - a staff of death
Scrolls
 c - 2 scrolls of teleportation
 d - a scroll of identify {unknown}
 f - a scroll of amnesia {unknown}
Potions
 g - a potion of curing {unknown}
 h - a potion of mutation {unknown}


   Skills:
 * Level 1.5 Fighting
 - Level 1.7 Polearms
 - Level 2.0 Armour
 + Level 0.1 Stealth
 - Level 2.0 Spellcasting
 - Level 2.6 Ice Magic
 - Level 1.0 Evocations


You had 4 spell levels left.
You knew the following spells:

 Your Spells              Type           Power      Damage    Failure   Level
a - Freeze                Ice            40%        1d6       16%         1

Your spell library contained the following spells:

 Spells                   Type           Power      Damage    Failure   Level
 Hailstorm                Conj/Ice       6%         3d4       63%         3
 Portal Projectile        Hex/Tloc       2%         N/A       82%         3
 Tukima's Dance           Hex            1%         N/A       82%         3
 Blade Hands              Tmut           0%         N/A       100%        5


Dungeon Overview and Level Annotations

Branches:
Dungeon (2/15)

Altars:


Innate Abilities, Weirdness & Mutations

You have a pair of small antennae on your head.


Message History

The orc is heavily wounded.
The giant cockroach bites you but does no damage.
The orc wizard closely misses you. The orc barely misses you.
The giant cockroach bites you but does no damage.
You hit the orc.
The orc is severely wounded.
The orc hits you with a +0 club.
* * * LOW HITPOINT WARNING * * *
The giant cockroach bites you but does no damage.
The orc hits you but does no damage.
The orc wizard hits you but does no damage.
You hit the orc but do no damage.
The orc is severely wounded.
The giant cockroach closely misses you. The orc hits you but does no damage.
The orc wizard completely misses you. The orc hits you with a +0 club.
* * * LOW HITPOINT WARNING * * *
Unknown command.
It was a potion of heal wounds.
You feel much better.
The giant cockroach bites you but does no damage.
The orc completely misses you.
The orc wizard points at you and mumbles some strange words.
The magic dart hits you! The orc hits you with a +0 club.
You closely miss the orc.
The orc is heavily wounded.
The giant cockroach closely misses you. The orc hits you but does no damage.
The orc wizard casts a spell at you. The puff of flame hits you.
* * * LOW HITPOINT WARNING * * *
The orc hits you with a +0 club.
* * * LOW HITPOINT WARNING * * *
The giant cockroach bites you but does no damage.
You barely miss the orc.
The orc is heavily wounded.
The orc hits you with a +0 club.
* * * LOW HITPOINT WARNING * * *
The orc wizard gestures wildly while chanting.
The orc wizard flickers and vanishes!
Deactivating autopickup; reactivate with Ctrl-A.
The orc hits you with a +0 club.
You die...

## .#
#########.######
..............
.....>......#
#<......#...
#..#.<#.#......
#....o@B[......
....##.o#{##.....
###.....{o$......
###.#.#.#####..
#.....# #.#...#
#.#.#.. # #.#..
#.#.#


You could see 3 orcs and a giant cockroach.

Vanquished Creatures
  A dart slug (D:1)
  An endoplasm (D:2)
  A kobold (D:1)
  A quokka (D:1)
  A bat (D:1)
  A frilled lizard (D:1)
  A goblin (D:1)
  3 rats (D:1)
10 creatures vanquished.

Notes
Turn   | Place    | Note
-------+----------+-------------------------------------------
     0 | D:1      | IdlyInterested the Demonspawn Wanderer began the quest for
                  | the Orb.
     0 | D:1      | IdlyInterested set off with the following items: a +2
                  | spear, a +0 ring mail, a scroll of teleportation; and the
                  | following spell memorised: Freeze; and the following spells
                  | available to memorise: Hailstorm.
     0 | D:1      | Reached XP level 1. HP: 13/13 MP: 3/3
   115 | D:1      | Reached skill level 1 in Fighting
   474 | D:1      | Gained mutation: You have a pair of small antennae on your
                  | head. [demonic ancestry]
   474 | D:1      | Reached XP level 2. HP: 19/21 MP: 5/5
   706 | D:2      | HP: 1/21 [orc/+0 club (2)]
   709 | D:2      | Slain by an orc

Illustrated notes

Levels and vault maps discovered:
D:1:      minmay_arrival_checkered_box, layout_loops_ring, serial_rivers,
          chequers_serial_rivers_micro_d, chequers_serial_rivers_small_b,
          chequers_serial_rivers_small_b, chequers_serial_rivers_small_a,
          kennysheep_doodads
D:2:      layout_basic, shapermc_ecumenical_altar_flowoftime, serial_shops, shop

Skill      XL: |  1 |
---------------+----+-----
Fighting       | 1 |  1.5
Armour         | 2 |  2.0
Polearms       | |  1.7
Stealth        | |  0.1
Spellcasting   | |  2.0
Ice Magic      | |  2.6
Evocations     | |  1.0

Action                   || total
-------------------------++-------
Melee: Spear             ||    31
  Use: Potion            ||     1
Armor: Ring mail         ||    26
Dodge: Dodged            ||    19

Table legend: (Time is in decaauts)
 A = Elapsed time spent in this place.
 B = Non-inter-level travel time spent in this place.
 C = Inter-level travel time spent in this place.
 D = Time resting spent in this place.
 E = Time spent auto-exploring this place.
 F = Levels seen in this place.
 G = Mean time per level.
                   A        B        C        D        E       F      G
               +--------+--------+--------+--------+--------+-----+--------+
         Total |    717 |    688 |     29 |      0 |    551 |   2 |  358.5 |
       Dungeon |    717 |    688 |     29 |      0 |    551 |   2 |  358.5 |
               +--------+--------+--------+--------+--------+-----+--------+

Top non-repeatable levels by time:
     D:1: 697 daAuts
     D:2: 19 daAuts
